 Dungeon Crawl Stone Soup version 0.32-a0-818-gb728d0252e (webtiles) character file.

Game seed: 14305544249208830593

4052 jestert79 the Cleaver (level 10, -6/86 HPs)
             Began as a Grey Draconian Gladiator on Mar 23, 2024.
             Was a Believer of Beogh.
             Mangled by a vault guard
             ... wielding a +0 broad axe
              (16 damage)
             ... in a bailey.
             The game lasted 00:17:16 (5868 turns).

jestert79 the Cleaver (Grey Draconian Gladiator)    Turns: 5868, Time: 00:17:17

Health: -6/86      AC: 15    Str: 15 (18) XL:     10   Next: 4%
Magic:  10/10      EV: 12    Int: 10 (12) God:    Beogh [**....]
Gold:   202        SH:  0    Dex:  9 (12) Spells: 9/9 levels left

rFire   . . .        n - +3 broad axe
rCold   . . .        (no shield)
rNeg    . . .        (body armour unavailable)
rPois   .            b - +1 hat
rElec   .            (no cloak)
rCorr   .            (no gloves)
SInv    .            z - +1 pair of boots
Will    +....        (no amulet)
Stlth   +            i - ring of willpower
HPRegen 0.34/turn    (no ring)
MPRegen 0.12/turn

%: no passive effects
@: studying Axes
A: mud breath, mud-swimmer, AC +12, amphibious, unfitting armour, cold-blooded
a: Mud Breath, Renounce Religion, Smiting


You were in a bailey.
You worshipped Beogh.
Beogh was pleased with you.
You visited 1 branch of the dungeon, and saw 7 of its levels.
You also visited: Ossuary and Bailey.

You collected 202 gold pieces.

Inventory:

Hand Weapons
 a - a +2 broad axe
 f - a +2 heavy hand axe
 n - a +3 broad axe (weapon)
Missiles
 c - a throwing net (quivered)
 d - a javelin
 r - 6 poisoned darts
 x - 5 silver javelins
Armour
 b - a +1 hat (worn)
 z - a +1 pair of boots (worn)
Jewellery
 i - a ring of willpower (left hand)
 y - the ring "Huvoa" {Fly rF- rC+ rN+}
   (You found it on level 4 of the Dungeon)

   [ring of protection from cold]

   rF-:       It makes you vulnerable to fire.
   rC+:       It protects you from cold.
   rN+:       It protects you from negative energy.
   Fly:       It grants you flight.
Wands
 h - a wand of iceblast (7)
Scrolls
 e - 4 scrolls of fear
 g - 3 scrolls of revelation
 q - 4 scrolls of fog
 u - a scroll of blinking
 v - a scroll of teleportation {unknown}
Potions
 j - 3 potions of degeneration
 k - a potion of enlightenment {unknown}
 l - a potion of attraction {unknown}
 m - a potion of ambrosia {unknown}
 o - 3 potions of mutation {unknown}
 p - 3 potions of magic
 s - 2 potions of curing
 t - a potion of brilliance {unknown}
 w - a potion of haste


   Skills:
 + Level 7.2 Fighting
 + Level 13.3 Axes
 - Level 1.7 Throwing
 + Level 6.3 Dodging


You had 9 spell levels left.
You didn't know any spells.
Your spell library contained the following spells:

 Spells                   Type           Power      Damage    Failure   Level
 Tukima's Dance           Hex            0%         N/A       75%         3
 Volatile Blastmotes      Fire/Tloc      0%         2d10      75%         3
 Fulminant Prism          Conj/Alch      0%         3d5       98%         4
 Iskenderun's Mystic Bla  Conj/Tloc      0%         2d3       98%         4
 Passage of Golubria      Tloc           0%         N/A       98%         4
 Yara's Violent Unravell  Hex/Alch       0%         3d3       100%        5


Dungeon Overview and Level Annotations

Branches:
Dungeon (7/15)             Temple (0/1) D:6         Ossuary (visited)
 Bailey (1/1)

Altars:
Gozag
Hepliaklqana
Ru
Vehumet
Wu Jian
Xom
Yredelemnul

Shops:
D:2 [


Innate Abilities, Weirdness & Mutations

Your facial features look somewhat orcish.
You can breathe torrents of mud.
You are unimpeded by mud.
Your dull iron-grey scales are very hard. (AC +12)
You are amphibious.
You cannot fit into any form of body armour.
You are cold-blooded and may be slowed by cold attacks.


Message History

The vault guard is knocked back by the ball of mud.
The vault guard slams into the stone wall.
The vault guard is moderately wounded.
The mud splashes down.
The vault guard hits you with a +0 broad axe!
Unknown command.
Unknown command.
Unknown command.
You slash the vault guard!
Your tail-slap misses the vault guard.
The vault guard is heavily wounded.
The vault guard closely misses you.
Unknown command.
You barely miss the vault guard.
Your tail-slap misses the vault guard.
The vault guard is heavily wounded.
The vault guard hits you with a +0 broad axe!
Unknown command.
You closely miss the vault guard.
You tail-slap the vault guard, but do no damage.
The vault guard is heavily wounded.
The vault guard barely misses you.
Unknown command.
You barely miss the vault guard.
The vault guard is heavily wounded.
Unknown command.
You barely miss the vault guard.
The vault guard is heavily wounded.
The vault guard hits you with a +0 broad axe!
Unknown command.
You hit the vault guard.
The vault guard is heavily wounded.
The vault guard hits you with a +0 broad axe!!
* * * LOW HITPOINT WARNING * * *
Unknown command.
Unknown command.
Unknown command.
It was a potion of degeneration.
There was something very wrong with that liquid.
You feel weakened.
You feel dopey.
You feel clumsy.
The vault guard hits you with a +0 broad axe!
You die...

..##..#≈≈≈~......~.##.....##
...#..#............#.......#
...#..[..~~~~......'..∩....#
#...).#~~≈≈≈≈~~.~..#.......#
##....#≈≈####≈≈~...##.....##
#########!$###≈~..~#######
#.p.~##≈.~~~# #~F..~#≈.~~##
#~~.~#@.~## #~~p~### ######


You could see a vault guard.

Vanquished Creatures
  A vault guard (Bailey)
  Prince Ribbit (Bailey)
  3 humans (Bailey)
  A steam dragon (D:6)
  Menkaure (D:4)
  A water moccasin (D:6)
  2 ice beasts (D:6)
  A black bear (D:4)
  A phantom (D:4)
  3 elf zombies (Ossuary)
  2 scorpions (D:6)
  11 bullfrogs (Bailey)
  2 jellies
  4 centaur zombies (Ossuary)
  5 hounds
  2 human zombies (Ossuary)
  A gnoll bouda (D:5)
  3 orc priests
  A spectral scorpion (Ossuary)
  5 iguanas
  A sleepcap (D:6)
  Jessica (D:2)
  3 orc wizards
  A bullfrog simulacrum (Ossuary)
  4 mummies
  Robin (D:3)
  8 gnolls
  5 adders
  A shadow imp (D:6)
  2 ufetubi (D:7)
  A dart slug (D:1)
  A ribbon worm (D:4)
  10 orcs
  14 bats
  6 endoplasms
  A giant cockroach (D:4)
  12 goblins
  11 hobgoblins
  5 jackals (D:1)
  5 kobolds
  2 quokkas
  9 ball pythons
  6 frilled lizards
  A goblin zombie (D:5)
  An orc zombie (D:5)
  6 rats
169 creatures vanquished.

Vanquished Creatures (collateral kills)
  An adder (D:6)
1 creature vanquished.

Vanquished Creatures (others)
  A scorpion (D:6)
  3 orcs
  A goblin (Bailey)
5 creatures vanquished.

Grand Total: 175 creatures vanquished

Notes
Turn   | Place    | Note
-------+----------+-------------------------------------------
     0 | D:1      | jestert79 the Draconian Gladiator began the quest for the
                  | Orb.
     0 | D:1      | Reached XP level 1. HP: 17/17 MP: 1/1
   205 | D:1      | Reached XP level 2. HP: 24/24 MP: 2/2
   507 | D:1      | Reached skill level 4 in Axes
   653 | D:1      | Reached XP level 3. HP: 16/29 MP: 3/3
   978 | D:2      | Noticed Jessica
   981 | D:2      | Killed Jessica
  1056 | D:2      | Reached skill level 5 in Axes
  1056 | D:2      | Reached XP level 4. HP: 20/36 MP: 4/4
  1193 | D:2      | Found Cezos's Armour Shoppe.
  1193 | D:2      | Noticed an animated storm dragon scales
  1193 | D:2      | Noticed an animated storm dragon scales
  1535 | D:3      | Identified the +4 falchion of Superiority {freeze, rC+++
                  | Will+ Int-4 Dex-4}
  1673 | D:3      | Noticed Robin
  1803 | D:3      | Killed Robin
  1897 | D:3      | Reached XP level 5. HP: 41/41 MP: 5/5
  2113 | D:4      | Noticed a phantom
  2135 | D:4      | Killed a phantom
  2136 | D:4      | Reached skill level 6 in Axes
  2310 | D:4      | Reached XP level 6. HP: 20/48 MP: 6/6
  2313 | D:4      | Became a worshipper of Beogh the Shepherd
  2519 | D:4      | Reached skill level 7 in Axes
  2847 | D:4      | Identified the ring "Huvoa" {Fly rF- rC+ rN+}
  2867 | D:4      | Found an opulent altar of Gozag.
  3008 | D:4      | Found a shimmering altar of Xom.
  3087 | D:4      | Noticed Menkaure
  3094 | D:4      | Killed Menkaure
  3095 | D:4      | Reached skill level 8 in Axes
  3095 | D:4      | Your scales start taking on a dull iron-grey colour.
  3095 | D:4      | Reached XP level 7. HP: 10/55 MP: 7/7
  3271 | D:5      | Entered Level 5 of the Dungeon
  3382 | D:5      | Found a sand-covered staircase.
  3410 | Ossuary  | Entered an ossuary
  3458 | Ossuary  | Reached * piety under Beogh
  3485 | Ossuary  | Reached skill level 9 in Axes
  3656 | Ossuary  | Reached XP level 8. HP: 60/61 MP: 8/8
  3661 | Ossuary  | Reached skill level 10 in Axes
  3810 | D:5      | Identified a scroll of acquirement
  3810 | D:5      | Acquired a manual of Axes
  4749 | D:6      | Found a staircase to the Ecumenical Temple.
  4810 | D:6      | Reached skill level 11 in Axes
  4841 | D:6      | Reached ** piety under Beogh
  5050 | D:6      | Found a hazy altar of Hepliaklqana.
  5085 | D:6      | Reached XP level 9. HP: 67/72 MP: 9/9
  5110 | D:6      | Found a radiant altar of Vehumet.
  5170 | D:6      | Found a faded altar of an unknown god.
  5170 | D:6      | Found a faded altar of an unknown god.
  5176 | D:6      | Found an ornate altar of the Wu Jian Council.
  5178 | D:6      | Found a sacrificial altar of Ru.
  5179 | D:6      | Found a basalt altar of Yredelemnul.
  5345 | D:7      | Found a flagged portal.
  5362 | Bailey   | Entered a bailey
  5376 | Bailey   | Reached skill level 5 in Fighting
  5491 | Bailey   | Reached skill level 12 in Axes
  5496 | Bailey   | Reached skill level 5 in Dodging
  5653 | Bailey   | Noticed Prince Ribbit
  5653 | Bailey   | Noticed a vault guard
  5688 | Bailey   | Killed a vault guard
  5689 | Bailey   | Reached skill level 13 in Axes
  5700 | Bailey   | Killed Prince Ribbit
  5701 | Bailey   | Reached XP level 10. HP: 55/86 MP: 10/10
  5852 | Bailey   | Noticed a vault guard
  5868 | Bailey   | Mangled by a vault guard

Illustrated notes

Levels and vault maps discovered:
D:1:      heliophobic_arrival_enchanted_forest, layout_loops_ring,
          minmay_hexomino_u4
D:2:      layout_basic, serial_shops, nicolae_shop_mannequins, uniq_jessica
D:3:      layout_basic, uniq_robin
D:4:      layout_loops_ring, mainiacjoe_overflow_alcove_4,
          nicolae_overflow_hidden_temple, minmay_misc_feat_more_columns,
          roderic_batcave, uniq_menkaure
D:5:      layout_loops_corners, nicolae_ossuary_entry_giza
D:6:      layout_cave_pools, vehumet_crystals, mainiacjoe_overflow_tiny_flanked,
          chequers_temple_overflow_minitemple,
          minmay_temple_entry_drinking_statues
D:7:      layout_cave_pools, kennysheep_mini_moat, kennysheep_okawaru_gauntlet,
          enter_bailey_2, minmay_unpleasant_kobolds
Bailey:   bailey_axe_froggy_fort_hellmonk, bailey

Skill      XL: |  1  2  3  4  5  6  7  8  9 |
---------------+----------------------------+-----
Axes           | 4 5 6 8 9 11 13 | 13.3
Fighting       | 4 7 |  7.2
Dodging        | 4 6 |  6.3
Throwing       | |  1.7

Action                     |  1- 3 |  4- 6 |  7- 9 | 10-12 || total
---------------------------+-------+-------+-------+-------++-------
  Melee: War axe           |   107 |   145 |   183 |       ||   435
         Tailslap          |     8 |    16 |    66 |     2 ||    92
         Broad axe         |       |       |   182 |    11 ||   193
  Throw: Throwing net      |       |     1 |     1 |     2 ||     4
 Invoke: Convert to Beogh  |       |     1 |       |       ||     1
Ability: Mud Breath        |       |       |     1 |     1 ||     2
    Use: Scroll            |       |       |    17 |       ||    17
         Potion            |       |       |     1 |     1 ||     2
   Stab: Sleeping          |       |     2 |       |       ||     2
         Held in net/web   |       |       |     2 |       ||     2
 Armour: Skin              |    82 |   123 |   267 |     8 ||   480
  Dodge: Dodged            |    87 |   103 |   201 |     7 ||   398

Table legend: (Time is in decaauts)
 A = Elapsed time spent in this place.
 B = Non-inter-level travel time spent in this place.
 C = Inter-level travel time spent in this place.
 D = Time resting spent in this place.
 E = Time spent auto-exploring this place.
 F = Levels seen in this place.
 G = Mean time per level.
                   A        B        C        D        E       F      G
               +--------+--------+--------+--------+--------+-----+--------+
         Total |   5924 |   5691 |    233 |   1076 |   2893 |   9 |  658.2 |
       Dungeon |   5179 |   4946 |    233 |    848 |   2881 |   7 |  739.9 |
       Ossuary |    262 |    262 |      0 |     31 |     12 |   1 |  262.0 |
        Bailey |    482 |    482 |      0 |    196 |      0 |   1 |  482.0 |
               +--------+--------+--------+--------+--------+-----+--------+

Top non-repeatable levels by time:
     D:4: 1271 daAuts
     D:5: 1115 daAuts
     D:1: 941 daAuts
     D:3: 730 daAuts
     D:6: 622 daAuts
  Bailey: 482 daAuts
     D:2: 454 daAuts
 Ossuary: 262 daAuts
     D:7: 44 daAuts
